 Dungeon Crawl Stone Soup version 0.22.1-1-ga44c0e56f4 (webtiles) character file.

179 Kaderl the Firebug (level 5, -4/35 HPs)
             Began as a Human Fire Elementalist on Oct 7, 2018.
             Splashed by Ijyb's acid (6 damage)
             ... on level 4 of the Dungeon.
             The game lasted 00:12:21 (3528 turns).

Kaderl the Firebug (Human Fire Elementalist)        Turns: 3528, Time: 00:12:21

Health: -4/35      AC: -6    Str:  8    XL:     5   Next: 90%
Magic:  0/8        EV: 13    Int: 17    God:
Gold:   110        SH:  0    Dex: 13    Spells: 2/8 levels left

rFire    . . .     SeeInvis .     - Unarmed
rCold    . . .     Gourm    .   (no shield)
rNeg     . . .     Faith    .   f - +0 robe
rPois    .         Spirit   .   (no helmet)
rElec    .         Reflect  .   (no cloak)
rCorr    .         Harm     .   (no gloves)
MR       .....                  (no boots)
Stlth    ++........             (no amulet)
HPRegen  0.11/turn              (no ring)
MPRegen  0.11/turn              (no ring)

@: corroded
A: no striking features
a: no special abilities


You were on level 4 of the Dungeon.
You were not hungry.

You visited 1 branch of the dungeon, and saw 4 of its levels.

You collected 110 gold pieces.

Inventory:

Armour
 f - a +0 robe (worn)
Wands
 j - a wand of digging (14)
Scrolls
 b - 5 scrolls of identify
 d - a scroll of amnesia
 e - a scroll of teleportation
 g - a scroll of magic mapping {unknown}
 h - a scroll of blinking {unknown}
 k - a scroll of remove curse {unknown}
 n - a scroll of enchant weapon {unknown}
Potions
 a - a potion of degeneration {unknown}
 i - 2 potions of agility {unknown}
 l - a potion of berserk rage {unknown}
 m - a potion of mutation {unknown}
Comestibles
 c - 3 rations


   Skills:
 + Level 2.8 Dodging
 + Level 3.1 Stealth
 + Level 1.0 Unarmed Combat
 + Level 2.4 Spellcasting
 + Level 2.1 Conjurations
 + Level 4.2 Fire Magic


You had 2 spell levels left.
You knew the following spells:

 Your Spells              Type           Power        Failure   Level  Hunger
a - Flame Tongue          Conj/Fire      ##...        4%          1    #......
b - Throw Flame           Conj/Fire      ##....       8%          2    ##.....
c - Conjure Flame         Conj/Fire      ##......     16%         3    ###....

Your spell library contained the following spells:

 Spells                   Type           Power        Failure   Level  Hunger
 Inner Flame              Hex/Fire       #.......     24%         3    ###....
 Sticky Flame             Conj/Fire      ##......     45%         4    #####..
 Fireball                 Conj/Fire      ##........   80%         5    ######.


Dungeon Overview and Level Annotations

Branches:
Dungeon (4/15)
 Temple: D:4-7

Altars:
Xom

Annotations:
D:3 Purgy
D:4 Ijyb


Message History

Confirm with . or Enter, or press ? or * to list all spells.
Aiming: Flame Tongue (safe; 4% risk of failure)
Press: ? - help, Shift-Dir - straight line, f/p - Ijyb
Aim: Ijyb, wearing a scale mail and carrying a wand of acid (9) (severely The flame tongue misses Ijyb.
The flame tongue hits the adder.
The adder is severely wounded.
Ijyb hits you but does no damage.
Okay, then.
Casting: Flame Tongue (safe; 4% risk of failure)
Confirm with . or Enter, or press ? or * to list all spells.
Aiming: Flame Tongue (safe; 4% risk of failure)
Press: ? - help, Shift-Dir - straight line, f/p - Ijyb
Aim: Ijyb, wearing a scale mail and carrying a wand of acid (9) (severely The flame tongue misses Ijyb.
Ijyb misses you.
Ijyb zaps a wand.
The bolt of acid hits you! The acid corrodes you!
You are splashed with acid!
The acid burns!
Ijyb zaps a wand.
The bolt of acid hits you!
* * * LOW HITPOINT WARNING * * *
The acid corrodes you!
You are splashed with acid!
The acid burns!
You die...

### #.######.#
#........#
#.######.#
#.########
#..Sg..@.#
########.# #.#
#.#####
#.....#
####+#######.#
#..........#.#
#..........#.#
#..........#.#


You could see Ijyb and an adder.

Vanquished Creatures
  Terence (D:3)
  A worker ant zombie (D:2)
  2 adders (D:2)
  5 gnolls
  5 worms
  2 dart slugs (D:2)
  A leopard gecko (D:2)
  An orc (D:4)
  5 goblins
  8 hobgoblins
  8 jackals (D:1)
  A quokka (D:2)
  7 bats
  6 frilled lizards
  3 kobolds
  4 rats
60 creatures vanquished.

Notes
Turn   | Place    | Note
-------+----------+-------------------------------------------
     0 | D:1      | Kaderl the Human Fire Elementalist began the quest for the
                  | Orb.
     0 | D:1      | Reached XP level 1. HP: 13/13 MP: 3/3
   132 | D:1      | Reached XP level 2. HP: 15/19 MP: 3/5
   408 | D:1      | Reached XP level 3. HP: 16/24 MP: 0/6
   993 | D:2      | Reached XP level 4. HP: 30/30 MP: 3/7
  1041 | D:2      | You fall through a shaft for 2 floors!
  1527 | D:2      | Found a hazy altar of Hepliaklqana.
  1532 | D:2      | Found a sacrificial altar of Ru.
  1532 | D:2      | Found a shattered altar of Ashenzari.
  1536 | D:2      | Found an iron altar of Okawaru.
  1536 | D:2      | Found a sparkling altar of Nemelex Xobeh.
  1536 | D:2      | Found a shimmering altar of Xom.
  1643 | D:2      | Reached skill level 1 in Unarmed Combat
  2065 | D:3      | Learned a level 2 spell: Throw Flame
  2069 | D:3      | Learned a level 3 spell: Conjure Flame
  2115 | D:3      | Reached skill level 4 in Fire Magic
  2115 | D:3      | Reached XP level 5. HP: 35/35 MP: 3/8
  2596 | D:3      | Noticed Purgy
  2725 | D:3      | Noticed Terence
  2739 | D:3      | Killed Terence
  3510 | D:4      | Noticed Ijyb
  3528 | D:4      | Splashed by Ijyb's acid

Skill      XL: |  1  2  3  4  5 |
---------------+----------------+-----
Unarmed Combat | 1 |  1.0
Fire Magic     | 4 |  4.2
Conjurations   | 2 |  2.1
Stealth        | 3 |  3.1
Dodging        | |  2.8
Spellcasting   | |  2.4

Action                   |  1- 3 |  4- 6 || total
-------------------------+-------+-------++-------
Melee: Mace              |     3 |       ||     3
       Unarmed           |    17 |    11 ||    28
 Cast: Flame Tongue      |    44 |    76 ||   120
       Throw Flame       |       |     7 ||     7
       Conjure Flame     |       |     1 ||     1
Evoke: Wand              |       |     1 ||     1
  Use: Scroll            |     1 |     2 ||     3
  Eat: Ration            |     1 |     2 ||     3
Armor: Robe              |     5 |    12 ||    17
Dodge: Dodged            |    32 |    29 ||    61
